 Dungeon Sprint DCSS version 0.21-a0-344-g2144152 (webtiles) character file.

39520 Kidiri the Warrior (level 12, -28/195 HPs)
             Began as a Grey Draconian Berserker on Oct 4, 2017.
             Was the Champion of Trog.
             Killed from afar by an Ice Fiend (57 damage)
             ... with a bolt of cold
             ... summoned by a deep elf demonologist
             ... in the Dungeon (Sprint III: "The Ten Rune Challenge").
             The game lasted 00:21:04 (4658 turns).

Kidiri the Warrior (Grey Draconian Berserker)       Turns: 4658, Time: 00:21:04

Health: -28/195    AC: 13    Str: 28    XL:     12   Next: 99%
Magic:  6/6        EV: 22    Int:  8    God:    Trog [******]
Gold:   2544       SH:  0    Dex: 12    Spells: 11/11 levels left

rFire    . . .     SeeInvis .   A - +4 executioner's axe (antimagic)
rCold    . . .     Gourm    .   (shield currently unavailable)
rNeg     . . .     Faith    .   (armour unavailable)
rPois    .         Spirit   .   t - +0 hat {MR+}
rElec    +         Reflect  .   (no cloak)
rCorr    .         Harm     .   (no gloves)
MR       ++...     NoTele   +   (no boots)
Stlth    ..........             (no amulet)
HPRegen  0.42/turn              (no ring)
MPRegen  0.10/turn              (no ring)

@: berserking (expiring), quick
A: walk through water, unfitting armour, big wings, magic resistance 1,
electricity resistance, unbreathing, evolution 1, cold-blooded, AC +13
}: 1/10 runes: serpentine
a: Fly, Berserk, Trog's Hand, Brothers in Arms, Burn Spellbooks, Renounce
Religion


You were in the Dungeon.
You worshipped Trog.
Trog was exalted by your worship.
You were hungry.

You visited 1 branch You collected 2544 gold pieces.

Inventory:

Hand Weapons
 i - the +10 broad axe "Byzuwix" {freeze, Dex+6}
   (Trog gifted it to you in the Dungeon)

   It has been specially enchanted to freeze those struck by it, causing extra
   injury to most foes and up to half again as much damage against particularly
   susceptible opponents.
   It can also slow down cold-blooded creatures.
   It affects your dexterity (+6).
 x - a +4 antimagic battleaxe
 A - a +4 antimagic executioner's axe (weapon)
Missiles
 n - 7 javelins of penetration (quivered)
Armour
 t - a +0 hat of magic resistance (worn)
Wands
 s - a wand of paralysis (11/24)
Scrolls
 h - a scroll of blinking
 k - a scroll of immolation
 l - a scroll of enchant armour {unknown}
 m - a scroll of remove curse
 p - a scroll of identify {unknown}
Potions
 c - 2 potions of curing
 d - a potion of heal wounds
 e - a potion of haste
 f - 2 potions of magic
 g - a potion of berserk rage
 j - 2 potions of mutation
 o - a potion of flight {unknown}
 q - a potion of might
 v - a potion of agility {unknown}
 w - 2 potions of brilliance {unknown}
Comestibles
 a - 2 chunks of flesh
 r - 22 royal jellies
 u - a bread ration


   Skills:
 * Level 19.4 Fighting
 * Level 18.1 Axes
 * Level 16.8 Dodging
 + Level 11.9 Evocations


You had 11 spell levels left.
You didn't know any spells.

Dungeon Overview and Level Annotations

Branches:
Dungeon (1/1)

Altars:
Cheibriados
Dithmenos
Elyvilon
Fedhas
Gozag
Hepliaklqana
Kikubaaqudgha
Makhleb
Nemelex Xobeh
Okawaru
Qazlal
Ru
Sif Muna
Trog
Uskayaw
Vehumet
Wu Jian
Xom
Yredelemnul
Zin
The Shining One
Beogh
Jiyva
Lugonu

Shops:
D [!:*

Annotations:
D exclusion: 4 doors


Innate Abilities, Weirdness & Mutations

You can walk through water.
Your dull iron-grey scales are very hard. (AC +13)
You cannot fit into any form of body armour.
You can survive without breathing.
You are cold-blooded and may be slowed by cold attacks.
Your large and strong wings let you fly indefinitely.
You are resistant to hostile enchantments. (MR+)
You are resistant to electric shocks. (rElec)
You evolve.


Message History

The deep elf demonologist mumbles some strange words.
You slash the deep elf annihilator!
The deep elf annihilator's magic leaks into the air.
The deep elf annihilator is heavily wounded.
The deep elf annihilator misses you.
The deep elf demonologist gestures wildly while chanting.
The Ice Fiend gestures at you. The bolt of cold hits you!
* * * LOW HITPOINT WARNING * * *
The deep elf annihilator mumbles some strange words.
The deep elf annihilator blinks!
The Ice Fiend gestures at you. The bolt of cold misses you.
Unknown command.
You feel a strong urge to attack something.
The deep elf annihilator gestures wildly while chanting.
The deep elf annihilator blinks!
The Ice Fiend gestures at you. The bolt of cold hits you!
You die...

▓▓▓▓▓▓ ###
#.##.################
..####....'.#...##ee.4'.4
....)[...[#÷#...##§1≈≈##44
..))))...##.#...@§§[..e.e.
))))))....#.#...##§≈≈≈##.
)∩####.#.##.'...##[§..§...
.#.##..###################
§###########################
§§≈≈≈+.#.+(..+.#.#.#.+...≈≈#
.#§§§#.#.#.).##.#.#.##...≈≈###
.#)§.#.#.#.).#.#.#.#.#...≈≈≈≈#
.#§§.#...#)..##.#.#.##...≈≈≈≈#


You could see a deep elf blademaster, an Ice Fiend, a deep elf death mage and an
ice devil.

Vanquished Creatures
  A deep elf annihilator (D)
  A dire elephant (D)
  A deep elf high priest (D)
  5 anacondas (D)
  A naga warrior (D)
  A centaur warrior (D)
  4 death yaks (D)
  Urug (D)
  An unseen horror (D)
  A lindwurm (D)
  5 deep elf magi (D)
  2 orc sorcerers (D)
  2 elephants (D)
  A guardian serpent (D)
  4 black mambas (D)
  A spiny frog (D)
  A rime drake (D)
  3 wandering mushrooms (D)
  2 tyrant leeches (D)
  8 blink frogs (D)
  3 redbacks (D)
  A shadow (D)
  A spatial vortex (D)
  A naga (D)
  A swamp drake (D)
  2 water moccasins (D)
  A necrophage (D)
  3 orc warriors (D)
  2 centaurs (D)
  A water elemental (D)
  13 killer bees (D)
  2 orc priests (D)
  A wizard (D)
  A jelly (D)
  2 orc wizards (D)
  A necromancer (D)
  3 humans (D)
  A kobold demonologist (D)
  5 adders (D)
  A phantom (D)
  8 orcs (D)
  4 rats (D)
  3 plants (D)
107 creatures vanquished.

Vanquished Creatures (collateral kills)
  Rupert (D)
  Gastronok (D)
  A nagaraja (D)
  A dire elephant (D)
  Josephine (D)
  A deep elf mage (D)
  A black mamba (D)
  A spiny frog (D)
  A komodo dragon (D)
  A queen bee (D)
  A naga (D)
  A water moccasin (D)
  An earth elemental (D)
  19 killer bees (D)
32 creatures vanquished.

Vanquished Creatures (others)
  2 draconian scorchers (D)
  Nessos (D)
  6 hellions (D)
  3 yaktaurs (D)
  An electric eel (D)
  An orc wizard (D)
  12 plants (D)
26 creatures vanquished.

Grand Total: 165 creatures vanquished

Notes
Turn   | Place    | Note
-------+----------+-------------------------------------------
     0 | D        | Kidiri the Draconian Berserker began the quest for the Orb.
     0 | D        | Reached XP level 1. HP: 19/19 MP: 1/1
    29 | D        | Reached ** piety under Trog
    62 | D        | Reached skill level 4 in Fighting
    62 | D        | Reached XP level 2. HP: 28/28 MP: 2/2
    83 | D        | Killed a hellion
    83 | D        | Killed a hellion
    88 | D        | Gained mutation: Your mind is acute. (Int +2) [potion of mutation]
    88 | D        | Gained mutation: Your mind is very acute. (Int +4) [potion of mutation]
    89 | D        | Lost mutation: Your mind is very acute. (Int +4) [potion of mutation]
    89 | D        | Lost mutation: Your mind is acute. (Int +2) [potion of mutation]
    89 | D        | Gained mutation: You are resistant to electric shocks. (rElec) [potion of mutation]
    89 | D        | Gained mutation: You are clumsy. (Dex -2) [potion of mutation]
    89 | D        | Lost mutation: You are clumsy. (Dex -2) [potion of mutation]
    89 | D        | Gained mutation: You evolve. [potion of mutation]
    98 | D        | Killed a hellion
    99 | D        | Killed a hellion
   113 | D        | Noticed a water elemental
   119 | D        | Killed a water elemental
   119 | D        | Reached *** piety under Trog
   119 | D        | Reached skill level 6 in Fighting
   119 | D        | Reached skill level 5 in Axes
   119 | D        | Reached skill level 5 in Dodging
   119 | D        | Reached XP level 3. HP: 18/37 MP: 3/3
   119 | D        | Reached XP level 4. HP: 22/44 MP: 4/4
   143 | D        | Killed a white draconian scorcher
   149 | D        | Killed a hellion
   209 | D        | Killed a white draconian scorcher
   307 | D        | Killed a hellion
   312 | D        | Found a radiant altar of Vehumet.
   313 | D        | Found a deep blue altar of Sif Muna.
   313 | D        | Found an ancient bone altar of Kikubaaqudgha.
   313 | D        | Noticed a wizard
   314 | D        | Killed a wizard
   314 | D        | Reached **** piety under Trog
   317 | D        | Noticed a sun demon
   319 | D        | Reached skill level 7 in Fighting
   408 | D        | Killed a yaktaur
   482 | D        | Found a glowing silver altar of Zin.
   483 | D        | Found a glowing golden altar of the Shining One.
   483 | D        | Found a white marble altar of Elyvilon.
   483 | D        | Noticed a deep elf mage
   486 | D        | Killed a deep elf mage
   486 | D        | Reached skill level 9 in Fighting
   486 | D        | Reached XP level 5. HP: 48/57 MP: 5/5
   486 | D        | Reached XP level 6. HP: 53/63 MP: 6/6
   566 | D        | Found an ornate altar of the Wu Jian Council.
   566 | D        | Found a roughly hewn altar of Beogh.
   566 | D        | Found an iron altar of Okawaru.
   566 | D        | Found a bloodstained altar of Trog.
   566 | D        | Found a hide-covered altar of Uskayaw.
   566 | D        | Noticed a human
   566 | D        | Noticed a human
   574 | D        | Killed a human
   578 | D        | Killed a human
   578 | D        | Reached skill level 10 in Fighting
   578 | D        | Your scales start taking on a dull iron-grey colour.
   578 | D        | Reached XP level 7. HP: 59/73 MP: 7/7
   578 | D        | Gained mutation: You can survive without breathing. [Grey Draconian growth]
   704 | D        | Gained mutation: You are resistant to hostile enchantments. (MR+) [evolution]
   720 | D        | Found a basalt altar of Yredelemnul.
   720 | D        | Found a shadowy altar of Dithmenos.
   720 | D        | Found a sacrificial altar of Ru.
   726 | D        | Reached ***** piety under Trog
   726 | D        | Reached skill level 10 in Axes
   769 | D        | Noticed a shadow
   778 | D        | Killed a shadow
   778 | D        | Received a gift from Trog
   778 | D        | Reached skill level 11 in Fighting
   778 | D        | Reached skill level 1 in Evocations
   875 | D        | Killed a yaktaur
  1009 | D        | Found a blossoming altar of Fedhas.
  1009 | D        | Found a stormy altar of Qazlal.
  1009 | D        | Found a snail-covered altar of Cheibriados.
  1009 | D        | Found a burning altar of Makhleb.
  1009 | D        | Found a shimmering altar of Xom.
  1011 | D        | Found a hazy altar of Hepliaklqana.
  1011 | D        | Found an opulent altar of Gozag.
  1011 | D        | Found a sparkling altar of Nemelex Xobeh.
  1011 | D        | Found a corrupted altar of Lugonu.
  1011 | D        | Found a viscous altar of Jiyva.
  1011 | D        | Noticed a spatial vortex
  1022 | D        | Killed a spatial vortex
  1022 | D        | Reached XP level 8. HP: 68/82 MP: 3/9
  1081 | D        | Noticed Josephine
  1083 | D        | Killed Josephine
  1083 | D        | Reached skill level 10 in Dodging
  1131 | D        | Noticed a centaur warrior
  1135 | D        | Reached skill level 12 in Fighting
  1140 | D        | Killed a centaur warrior
  1140 | D        | Reached XP level 9. HP: 92/92 MP: 4/12
  1263 | D        | Killed an unseen horror
  1263 | D        | Reached skill level 13 in Fighting
  1263 | D        | Reached skill level 5 in Evocations
  1382 | D        | Gained mutation: Your large and strong wings let you fly indefinitely. [evolution]
  1472 | D        | Noticed a queen bee
  1487 | D        | Killed a queen bee
  1497 | D        | Received a gift from Trog
  1507 | D        | Reached ****** piety under Trog
  1518 | D        | Received a gift from Trog
  1526 | D        | Reached skill level 14 in Fighting
  1527 | D        | Received a gift from Trog
  1614 | D        | Noticed a wandering mushroom
  1618 | D        | Noticed a wandering mushroom
  1620 | D        | Noticed a wandering mushroom
  1625 | D        | Killed a wandering mushroom
  1625 | D        | Reached XP level 10. HP: 97/103 MP: 4/14
  1726 | D        | Noticed a spiny frog
  1726 | D        | Noticed a spiny frog
  1729 | D        | Killed a spiny frog
  1731 | D        | Killed a spiny frog
  1731 | D        | Received a gift from Trog
  2197 | D        | Noticed a lindwurm
  2201 | D        | Killed a lindwurm
  2201 | D        | Reached skill level 15 in Fighting
  2587 | D        | Noticed Urug
  2602 | D        | Killed Urug
  2719 | D        | Received a gift from Trog
  2827 | D        | Reached XP level 11. HP: 85/114 MP: 5/17
  3058 | D        | Noticed Rupert
  3066 | D        | Killed Nessos
  3068 | D        | Killed Rupert
  3068 | D        | Reached skill level 16 in Fighting
  3068 | D        | Reached skill level 15 in Axes
  3144 | D        | Noticed a death yak
  3145 | D        | Noticed a death yak
  3148 | D        | Noticed a death yak
  3151 | D        | Noticed a death yak
  3156 | D        | Killed a death yak
  3156 | D        | Received a gift from Trog
  3156 | D        | Killed a death yak
  3162 | D        | Killed a death yak
  3164 | D        | Killed a death yak
  3242 | D        | Reached skill level 17 in Fighting
  3587 | D        | Noticed an azure jelly
  3587 | D        | Noticed an azure jelly
  3605 | D        | Received a gift from Trog
  3621 | D        | Got a smoking broad axe {god gift}
  3622 | D        | Identified the +10 broad axe "Byzuwix" {freeze, Dex+6} (Trog gifted it to you in the Dungeon)
  3664 | D        | Noticed an anaconda
  3664 | D        | Noticed an anaconda
  3671 | D        | Killed an anaconda
  3671 | D        | Reached skill level 10 in Evocations
  3671 | D        | Received a gift from Trog
  3671 | D        | Reached skill level 15 in Dodging
  3675 | D        | Killed an anaconda
  3724 | D        | Noticed an anaconda
  3724 | D        | Noticed an anaconda
  3724 | D        | Noticed an anaconda
  3730 | D        | Killed an anaconda
  3730 | D        | Reached XP level 12. HP: 127/127 MP: 19/19
  3731 | D        | Killed an anaconda
  3734 | D        | Killed an anaconda
  3738 | D        | Received a gift from Trog
  3807 | D        | Noticed a naga warrior
  3807 | D        | Noticed a nagaraja
  3811 | D        | Found Qumogent's Antique Armour Boutique.
  3811 | D        | Found Diehio's Distillery.
  3812 | D        | Received a gift from Trog
  3816 | D        | Killed a naga warrior
  3816 | D        | Reached skill level 18 in Fighting
  3819 | D        | Killed a nagaraja
  3822 | D        | Found Korud's Book Shop.
  3922 | D        | Got a serpentine rune of Zot
  3978 | D        | Noticed an azure jelly
  3982 | D        | Noticed an azure jelly
  4032 | D        | Noticed a dire elephant
  4032 | D        | Noticed a dire elephant
  4032 | D        | Noticed Gastronok
  4039 | D        | Killed a dire elephant
  4039 | D        | Received a gift from Trog
  4042 | D        | Killed a dire elephant
  4050 | D        | Killed Gastronok
  4109 | D        | Got a shimmering longbow {god gift}
  4110 | D        | Identified the +8 longbow "Waowoqi" {freeze, rC+} (Trog gifted it to you in the Dungeon)
  4325 | D        | Found Warovearph's General Store.
  4330 | D        | Received a gift from Trog
  4340 | D        | Received a gift from Trog
  4581 | D        | Reached skill level 19 in Fighting
  4592 | D        | Received a gift from Trog
  4628 | D        | Noticed a deep elf annihilator
  4646 | D        | Noticed a deep elf demonologist
  4646 | D        | Noticed a deep elf high priest
  4647 | D        | Noticed a deep elf death mage
  4648 | D        | Noticed a deep elf annihilator
  4653 | D        | Noticed a deep elf demonologist
  4654 | D        | Noticed an Ice Fiend
  4654 | D        | Killed a deep elf high priest
  4655 | D        | Noticed a deep elf blademaster
  4655 | D        | Killed a deep elf annihilator
  4655 | D        | Received a gift from Trog
  4658 | D        | Killed from afar by an Ice Fiend

Vault maps used:
D:        dungeon_sprint_mu

Skill      XL: |  1  2  3  4  5  6  7  8  9 10 11 12 |
---------------+-------------------------------------+-----
Dodging        | 3 5 7 8 9 11 12 13 15 16 | 16.8
Fighting       | 4 6 9 10 11 12 14 15 17 19 | 19.4
Axes           | 4 5 8 9 10 11 13 14 16 18 | 18.1
Evocations     | 2 4 6 8 10 11 | 11.9

Action                   |  1- 3 |  4- 6 |  7- 9 | 10-12 || total
-------------------------+-------+-------+-------+-------++-------
Melee: Hand axe          |    18 |    15 |    13 |       ||    46
       Tailslap          |     1 |     2 |     8 |    32 ||    43
       War axe           |       |       |    49 |    14 ||    63
       Battleaxe         |       |       |       |    69 ||    69
       Executioner's axe |       |       |       |    41 ||    41
       Broad axe         |       |       |       |    68 ||    68
Throw: Javelin           |       |       |       |     4 ||     4
Invok: Berserk           |     2 |     2 |     6 |    12 ||    22
       Brothers in Arms  |       |     1 |     4 |     5 ||    10
       Burn Spellbooks   |       |     1 |       |       ||     1
       Trog's Hand       |       |       |       |     3 ||     3
  Use: Potion            |     2 |       |       |       ||     2
       Scroll            |       |       |       |     2 ||     2
 Stab: Sleeping          |     1 |       |       |       ||     1
       Distracted        |       |       |       |     1 ||     1
  Eat: Royal jelly       |       |     1 |     1 |     2 ||     4
       Chunk             |       |       |     2 |    18 ||    20
       Bread ration      |       |       |     2 |       ||     2
Armor: Skin              |     1 |     1 |    24 |    30 ||    56
Dodge: Dodged            |     9 |     5 |    39 |   153 ||   206

Table legend:
 A = Spawn XP
 B = Non-spawn XP
 C = Spawn XP percentage of total XP
 D = Spawn monster count
 E = Non-spawn monster count
 F = Spawn count percentage of total count
 G = Total turns spent on level
                    A         B        C        D         E        F      G
               +---------+---------+-------+---------+---------+-------+---------
         Total |       0 |   37887 |   0.0 |       0 |     136 |   0.0 |  4658
               +---------+---------+-------+---------+---------+-------+---------
             D |       0 |   37887 |   0.0 |       0 |     136 |   0.0 |  4658
               +---------+---------+-------+---------+---------+-------+---------
